 Dungeon Sprint DCSS version 0.31-a0-960-g0fca184906 (webtiles) character file.

Game seed: 10154446903438923732

338 sircluck the Grappler (level 6, -5/71 HPs)
             Began as a Troll Berserker on Oct 23, 2023.
             Was an Elder of Trog.
             Slain by Sigmund
             ... wielding a +0 scythe
              (8 damage)
             ... in the Dungeon (Sprint VII: "The Pits").
             The game lasted 00:00:24 (196 turns).

sircluck the Grappler (Troll Berserker)              Turns: 196, Time: 00:00:25

Health: -5/71      AC:  4    Str: 28    XL:     6   Next: 29%
Magic:  5/5        EV: 11    Int:  3    God:    Trog [****..]
Gold:   0          SH:  0    Dex:  9    Spells: 5/5 levels left

rFire   . .          .
                       - Unarmed
rCold   . . .        (no shield)
rNeg    . . .        a - +0 animal skin
rPois   .            (helmet restricted)
rElec   .            (no cloak)
rCorr   .            (gloves unavailable)
SInv    .            (boots unavailable)
Will    .....        (no amulet)
Stlth   +            (no ring)
HPRegen 1.11/turn    (no ring)
MPRegen 0.09/turn

%: no teleportation
@: no status effects
A: large, unfitting armour, claws 3, regeneration 1, shaggy fur 1, tough skin 1
a: Renounce Religion, Berserk, Trog's Hand, Brothers in Arms


You were in the Dungeon.
You worshipped Trog.
Trog was greatly pleased with you.
You visited 1 branch

Inventory:

Armour
 a - a +0 animal skin (worn)
Scrolls
 g - a scroll of blinking
 i - 2 scrolls of vulnerability
 j - a scroll of summoning
Potions
 b - 6 potions of curing
 c - 6 potions of heal wounds
 d - a potion of haste
 e - 4 potions of magic
 f - 3 potions of berserk rage
 h - 2 potions of invisibility


   Skills:
 + Level 7.0 Fighting
 + Level 6.9 Dodging
 + Level 8.3 Unarmed Combat


You had 5 spell levels left.
You didn't know any spells.
Your spell library was empty.

Dungeon Overview and Level Annotations

Branches:
Dungeon (1/1)

Altars:
Ashenzari
Cheibriados
Dithmenos
Elyvilon
Fedhas
Gozag
Hepliaklqana
Kikubaaqudgha
Makhleb
Nemelex Xobeh
Okawaru
Qazlal
Ru
Sif Muna
Trog
Uskayaw
Vehumet
Wu Jian
Xom
Yredelemnul
Zin
The Shining One
Jiyva
Lugonu

Annotations:
D Sigmund


Innate Abilities, Weirdness & Mutations

You are too large for most types of armour.
You have claws for hands.
Your natural rate of healing is unusually fast.
You are covered in fur. (AC +1)
You have tough skin. (AC +1)


Message History

The ice beast hits you but does no damage.
Things that are here:
a +0 morningstar; a +0 robe You barely miss the ice beast.
The centaur hits you. The centaur closely misses you.
You closely miss the ice beast. Your claw misses the ice beast.
The centaur barely misses you. The centaur misses you.
Sigmund mumbles some strange words.
Sigmund flickers and vanishes!
Deactivating autopickup; reactivate with Ctrl-A.
The ice beast hits you but does no damage.
The centaur hits you but does no damage.
The centaur closely misses you.
You scratch the ice beast.
The ice beast is lightly wounded.
The ice beast closely misses you. Something hits you but does no damage.
The centaur closely misses you. The centaur kicks you.
You scratch the ice beast but do no damage.
The ice beast is lightly wounded.
The centaur hits you but does no damage.
The centaur closely misses you. The ice beast hits you.
The ice beast freezes you!
You barely miss the ice beast.
The ice beast is lightly wounded.
The centaur closely misses you. x2; Something hits you.
The ice beast hits you. The ice beast freezes you!
* * * LOW HITPOINT WARNING * * *
You are too injured to fight recklessly!
You fail to use your ability.
The centaur closely misses you.
The centaur kicks you but does no damage.
The centaur hits you.
* * * LOW HITPOINT WARNING * * *
The centaur kicks you.
* * * LOW HITPOINT WARNING * * *
The ice beast hits you.
* * * LOW HITPOINT WARNING * * *
The ice beast freezes you!
* * * LOW HITPOINT WARNING * * *
Something hits you!
You die...

#)#.†.).#))##.......#
#.##†####))##.......#
#.#.....#..##.......#
#.#...†.#'###...<...#
#.#........##.......#
#.#........##.......#
#'###########.......#
#.......# #########
#.###@..# #.#zYc..#
#.#..{#.# #.....#.#
#...### # #... ####


You could see an ice beast, a centaur and a wight.

Vanquished Creatures
  A bullfrog (D)
  A scorpion (D)
  4 wights (D)
  An adder skeleton (D)
  2 ball pythons (D)
  2 jackals (D)
  A kobold (D)
  A quokka (D)
  A goblin (D)
  A rat (D)
15 creatures vanquished.

Notes
Turn   | Place    | Note
-------+----------+-------------------------------------------
     0 | D        | sircluck the Troll Berserker began the quest for the Orb.
     0 | D        | Reached XP level 1. HP: 22/22 MP: 0/0
    21 | D        | Found a bloodstained altar of Trog.
    21 | D        | Found a shimmering blue altar of Sif Muna.
    21 | D        | Found a viscous altar of Jiyva.
    21 | D        | Found a hazy altar of Hepliaklqana.
    21 | D        | Found an opulent altar of Gozag.
    22 | D        | Found a glowing golden altar of the Shining One.
    22 | D        | Found a glowing silver altar of Zin.
    22 | D        | Found a basalt altar of Yredelemnul.
    22 | D        | Found a shimmering altar of Xom.
    22 | D        | Found an ornate altar of the Wu Jian Council.
    22 | D        | Found a sacrificial altar of Ru.
    22 | D        | Found a stormy altar of Qazlal.
    22 | D        | Found an iron altar of Okawaru.
    22 | D        | Found a sparkling altar of Nemelex Xobeh.
    22 | D        | Found a burning altar of Makhleb.
    22 | D        | Found a blossoming altar of Fedhas.
    22 | D        | Found a white marble altar of Elyvilon.
    22 | D        | Found a shadowy altar of Dithmenos.
    22 | D        | Found a snail-covered altar of Cheibriados.
    24 | D        | Found a radiant altar of Vehumet.
    24 | D        | Found a corrupted altar of Lugonu.
    25 | D        | Found a hide-covered altar of Uskayaw.
    25 | D        | Found an ancient bone altar of Kikubaaqudgha.
    25 | D        | Found a broken altar of Ashenzari.
    69 | D        | Reached ** piety under Trog
    75 | D        | Noticed a scorpion
    81 | D        | Killed a scorpion
    82 | D        | Reached skill level 5 in Unarmed Combat
    82 | D        | Reached XP level 2. HP: 31/33 MP: 1/1
    82 | D        | Reached XP level 3. HP: 38/40 MP: 2/2
    94 | D        | Reached *** piety under Trog
    95 | D        | Noticed a bullfrog
   100 | D        | Killed a bullfrog
   101 | D        | Reached skill level 5 in Fighting
   101 | D        | Reached skill level 5 in Dodging
   101 | D        | Reached skill level 6 in Unarmed Combat
   101 | D        | Reached XP level 4. HP: 43/50 MP: 3/3
   163 | D        | Reached **** piety under Trog
   167 | D        | Reached skill level 7 in Unarmed Combat
   167 | D        | Reached XP level 5. HP: 59/59 MP: 4/4
   173 | D        | Reached XP level 6. HP: 61/68 MP: 5/5
   188 | D        | Noticed an ice beast
   190 | D        | Reached skill level 8 in Unarmed Combat
   190 | D        | Noticed Sigmund
   196 | D        | HP: 3/71 [ice beast (12)]
   196 | D        | Slain by Sigmund

Illustrated notes

Levels and vault maps discovered:
D:        pitsprint [storerooms_1, entrance_room_1, metal_vault_4, armoury_3,
          mini_pit_1, grid_room_1, main_hall_1, silver_pit, the_coven_3,
          the_vestibule_1, steel_vault_5, golden_pit, hallway_of_sentries,
          crystal_vault_1, iron_vault_2, final_vault]

Skill      XL: |  1  2  3  4  5  6 |
---------------+-------------------+-----
Fighting       | 4 5 6 7 |  7.0
Dodging        | 4 5 6 |  6.9
Unarmed Combat | 5 6 7 8 |  8.3

Action                     |  1- 3 |  4- 6 || total
---------------------------+-------+-------++-------
  Melee: Unarmed           |    29 |    17 ||    46
         Punch             |     2 |     2 ||     4
 Armour: Animal skin       |    13 |    21 ||    34
  Dodge: Dodged            |    15 |    15 ||    30

Table legend: (Time is in decaauts)
 A = Elapsed time spent in this place.
 B = Non-inter-level travel time spent in this place.
 C = Inter-level travel time spent in this place.
 D = Time resting spent in this place.
 E = Time spent auto-exploring this place.
 F = Levels seen in this place.
 G = Mean time per level.
                   A        B        C        D        E       F      G
               +--------+--------+--------+--------+--------+-----+--------+
         Total |    191 |    191 |      0 |      0 |     87 |   1 |  191.0 |
       Dungeon |    191 |    191 |      0 |      0 |     87 |   1 |  191.0 |
               +--------+--------+--------+--------+--------+-----+--------+

Top non-repeatable levels by time:
       D: 191 daAuts
